 Dungeon Crawl Stone Soup version 0.27.0-1-g7a089689b8 (webtiles) character file.

Game seed: 9955845708729200786

3619 Spaninq the Basher (level 9, -23/92 HPs)
             Began as a Troll Air Elementalist on Aug 8, 2021.
             Was a Believer of Uskayaw.
             Annihilated by a boulder beetle (48 damage)
             ... on level 9 of the Dungeon.
             The game lasted 00:16:53 (7933 turns).

Spaninq the Basher (Troll Air Elementalist)         Turns: 7933, Time: 00:16:54

Health: -23/92     AC: 12    Str: 28    XL:     9   Next: 86%
Magic:  18/18      EV: 10    Int: 11    God:    Uskayaw [**....]
Gold:   484        SH:  0    Dex: 12    Spells: 9/10 levels left

rFire    . . .     SeeInvis +   q - +9 whip of Fabulous Tenacity {protect, Str+3 Dex+2 SInv Stlth+}
rCold    . . .     Faith    .   (no shield)
rNeg     . . .     Spirit   .   a - +0 robe
rPois    +         Reflect  .   (helmet restricted)
rElec    .         Harm     .   j - +0 cloak
rCorr    .         Rampage  .   (gloves unavailable)
Will     +....                  (boots unavailable)
Stlth    +++.......             u - amulet of Punesch {RegenMP Fly}
HPRegen  1.25/turn              b - ring of poison resistance
MPRegen  0.41/turn              r - ring "Losha" {Will+ MP+9 Str+4}

@: under a protective aura, flying
A: large, unfitting armour, claws 3, regeneration 1, shaggy fur 1, tough skin 1
a: Renounce Religion, Stomp, Line Pass


You were on level 9 of the Dungeon.
You worshipped Uskayaw.
Uskayaw was noncommittal.
You visited 1 branch of the dungeon, and saw 9 of its levels.

You collected 484 gold pieces.

Inventory:

Hand Weapons
 q - the +9 whip of Fabulous Tenacity (weapon) {protect, Str+3 Dex+2 SInv Stlth+}
   (You found it on level 5 of the Dungeon)

   It grants its wielder temporary protection when it strikes (+7 to AC).
   Str:       It affects your strength (+3).
   Dex:       It affects your dexterity (+2).
   SInv:      It lets you see invisible.
   Stlth:     It makes you more stealthy.
Missiles
 n - a throwing net
Armour
 a - a +0 robe (worn)
 e - a scarf of resistance
 j - a +0 cloak (worn)
Jewellery
 b - a ring of poison resistance (left claw)
 o - a ring of ice
 r - the ring "Losha" (right claw) {Will+ MP+9 Str+4}
   (You found it on level 5 of the Dungeon)

   [ring of magical power]

   Str:       It affects your strength (+4).
   MP:        It affects your magic capacity (+9).
   Will:      It increases your willpower.
 u - the amulet of Punesch (around neck) {RegenMP Fly}
   (You found it on level 6 of the Dungeon)

   [amulet of magic regeneration]

   It increases your rate of magic regeneration.
   Fly:       It grants you flight.
Wands
 i - a wand of paralysis (9)
 t - a wand of digging (6)
 v - a wand of polymorph (8)
Scrolls
 h - 2 scrolls of blinking
 l - a scroll of identify
 m - 2 scrolls of teleportation
Potions
 c - 3 potions of haste
 d - 2 potions of attraction
 f - 3 potions of resistance
 g - a potion of flight
 k - a potion of degeneration {unknown}
 p - 2 potions of curing
 s - 3 potions of heal wounds


   Skills:
 + Level 6.7 Fighting
 * Level 8.9 Maces & Flails
 - Level 1.5 Dodging
 - Level 1.0 Stealth
 - Level 6.1 Unarmed Combat
 - Level 1.2 Spellcasting
 - Level 0.6 Conjurations
 - Level 2.0 Air Magic


You had 9 spell levels left.
You knew the following spells:

 Your Spells              Type           Power      Damage    Failure   Level
a - Shock                 Conj/Air       12%        1d3       19%         1

Your spell library contained the following spells:

 Spells                   Type           Power      Damage    Failure   Level
 Static Discharge         Conj/Air       3%         N/A       28%         2
 Swiftness                Air            5%         N/A       38%         3
 Ensorcelled Hibernation  Hex/Ice        0%         N/A       43%         2
 Conjure Flame            Conj/Fire      1%         6-21      63%         3
 Frozen Ramparts          Ice            0%         1d2       67%         3
 Ignite Poison            Fire/Tmut/Pois 0%         N/A       67%         3
 Spider Form              Tmut/Pois      0%         N/A       67%         3
 Airstrike                Air            2%         N/A       80%         4
 Sticky Flame             Conj/Fire      1%         2d3       95%         4
 Ice Form                 Ice/Tmut       0%         N/A       97%         4
 Summon Ice Beast         Ice/Summ       0%         N/A       97%         4
 Summon Forest            Summ/Tloc      0%         N/A       100%        5
 Summon Mana Viper        Hex/Summ       0%         N/A       100%        5
 Shadow Creatures         Summ           N/A        N/A       100%        6


Dungeon Overview and Level Annotations

Branches:
Dungeon (9/15)             Temple (0/1) D:6            Lair (0/6) D:8
    Orc: D:9-12

Altars:
Cheibriados
Elyvilon
Fedhas
Gozag
Hepliaklqana
Kikubaaqudgha
Makhleb
Trog
Uskayaw
Vehumet
Wu Jian
Xom
Yredelemnul
Zin

Annotations:
D:3 1 runed translucent door, shummie's ghost, amateur GrFi
D:4 1 runed translucent door, Houndtax's ghost, amateur FoFi
D:5 exclusion: statue
D:7 3 runed translucent doors, Papr's ghost, novice HOMo


Innate Abilities, Weirdness & Mutations

You are too large for most types of armour.
You have claws for hands.
Your natural rate of healing is unusually fast.
You are covered in fur. (AC +1)
You have tough skin. (AC +1)


Message History

You closely miss the troll.
The troll is heavily wounded.
The troll bites you. The troll claws you but does no damage.
The troll claws you.
You barely miss the troll. You claw the troll!!
The troll is almost dead.
Uskayaw will force your foes to helplessly watch your dance.
Uskayaw prepares the audience for your solo!
The helpless troll fails to defend itself.
You whack the troll!
You kill the troll!
You can no longer pass through a line of other dancers.
You now have 484 gold pieces (gained 13).
Found 19 arrows.
You see here 19 arrows.
f - 3 potions of resistance (gained 1)
A centaur simulacrum comes into view.
Found 17 gold pieces.
A boulder beetle comes into view.
Found 2 stones.
A cyclops comes into view.
Found a scroll labelled SUOZXOCU ALI TAXISH and 17 stones.
The helpless centaur simulacrum fails to defend itself.
You thrash the centaur simulacrum!!
Your weapon exudes an aura of protection.
The centaur simulacrum vaporises!
The boulder beetle bites you but does no damage.
You hit the boulder beetle but do no damage.
The boulder beetle barely misses you.
You whack the boulder beetle!
The boulder beetle is lightly wounded.
The cyclops throws a large rock.
The large rock hits you!!!
You can now pass through a line of other dancers.
A gargoyle comes into view. It is wielding a +0 flail.
The boulder beetle curls into a ball and begins rolling!
The cyclops throws a large rock.
The large rock hits you!!
* * * LOW HITPOINT WARNING * * *
The boulder beetle hits you!!!
Ouch! That really hurt!
You die...

#....# #.# #....#
#.# #...^# #.#
#....# #.# ####
#....###### ...
##(.C##.......(.#
##...#.#########.#
#.#.?...#......#.#
♣.○B@.####.#.#
#...$○#.#........#
##.#.9.#######.###
##..(## #.# ####
#.# #.# #.# #.#
#.#


You could see a boulder beetle (rolling), a cyclops and a gargoyle.

Vanquished Creatures
  A troll (D:9)
  A wyvern (D:8)
  A basilisk (D:9)
  Menkaure (D:7)
  2 water moccasins (D:6)
  A sky beast (D:6)
  An orc warrior (D:9)
  An ice beast (D:8)
  2 black bears
  A necrophage (D:5)
  3 ogres (D:5)
  2 centaurs (D:9)
  A phantom (D:7)
  2 bullfrogs
  3 scorpions
  A water moccasin skeleton (D:4)
  4 killer bees (D:6)
  3 wights (D:6)
  4 electric eels (D:7)
  A centaur zombie (D:8)
  2 jellies
  An iron imp (D:7)
  A hound (D:3)
  3 orc priests
  2 bullfrog skeletons (D:6)
  A centaur skeleton (D:4)
  2 iguanas (D:5)
  7 orc wizards
  3 hell rats (D:8)
  A centaur simulacrum (D:9)
  2 hound skeletons (D:4)
  2 howler monkey zombies
  4 gnolls (D:4)
  8 adders
  7 river rats (D:8)
  2 shadow imps
  An ufetubus (D:6)
  A worm (D:2)
  8 dart slugs
  20 orcs
  3 ball pythons
  5 bats
  2 bat zombies (D:4)
  9 endoplasms
  3 giant cockroaches
  5 goblins
  3 hobgoblins
  5 jackals
  10 quokkas
  4 frilled lizards
  3 kobolds
  19 rats
  A rat zombie (D:4)
186 creatures vanquished.

Vanquished Creatures (others)
  An orc wizard (D:7)
  A dart slug (D:7)
  An orc (D:7)
3 creatures vanquished.

Grand Total: 189 creatures vanquished

Notes
Turn   | Place    | Note
-------+----------+-------------------------------------------
     0 | D:1      | Spaninq the Troll Air Elementalist began the quest for the
                  | Orb.
     0 | D:1      | Reached XP level 1. HP: 16/16 MP: 1/1
   192 | D:1      | Reached skill level 1 in Unarmed Combat
   278 | D:1      | Reached XP level 2. HP: 26/26 MP: 2/2
   584 | D:1      | Reached skill level 1 in Fighting
   921 | D:2      | Found a faded altar of an unknown god.
   936 | D:2      | Became a worshipper of Uskayaw the Reveller
   936 | D:2      | Reached * piety under Uskayaw
  1030 | D:2      | Reached ** piety under Uskayaw
  1039 | D:2      | Reached XP level 3. HP: 33/33 MP: 3/3
  1103 | D:2      | Found a basalt altar of Yredelemnul.
  2004 | D:3      | Reached XP level 4. HP: 41/42 MP: 4/4
  2090 | D:3      | Found a hide-covered altar of Uskayaw.
  2154 | D:3      | Found a runed translucent door.
  2157 | D:3      | Noticed shummie's ghost (amateur GrFi)
  2857 | D:4      | Reached XP level 5. HP: 49/49 MP: 5/5
  2863 | D:4      | Found a glowing silver altar of Zin.
  3073 | D:4      | Reached *** piety under Uskayaw
  3168 | D:4      | Reached skill level 5 in Unarmed Combat
  3168 | D:4      | Reached XP level 6. HP: 51/59 MP: 6/6
  3209 | D:4      | Found a runed translucent door.
  3209 | D:4      | Noticed Houndtax's ghost (amateur FoFi)
  3653 | D:4      | Found an ornate altar of the Wu Jian Council.
  3768 | D:4      | Found an ancient bone altar of Kikubaaqudgha.
  3855 | D:5      | Entered Level 5 of the Dungeon
  3900 | D:5      | Reached XP level 7. HP: 59/67 MP: 7/7
  3901 | D:5      | Reached **** piety under Uskayaw
  3919 | D:5      | Identified the +9 whip of Fabulous Tenacity {protect, Str+3
                  | Dex+2 SInv Stlth+}
  4093 | D:5      | Found a radiant altar of Vehumet.
  4105 | D:5      | Reached skill level 1 in Maces & Flails
  4130 | D:5      | Reached skill level 2 in Maces & Flails
  4350 | D:5      | Identified the ring "Losha" {Will+ MP+9 Str+4}
  4375 | D:5      | Reached skill level 3 in Maces & Flails
  4561 | D:6      | Reached XP level 8. HP: 67/78 MP: 8/8
  4622 | D:6      | Reached skill level 4 in Maces & Flails
  4710 | D:6      | Identified the amulet of Punesch {RegenMP Fly}
  4892 | D:6      | Reached skill level 5 in Maces & Flails
  4988 | D:6      | Found a blossoming altar of Fedhas.
  5279 | D:6      | Reached skill level 5 in Fighting
  5350 | D:6      | Reached skill level 6 in Maces & Flails
  5404 | D:6      | You are sucked into a shaft and drop 3 floors!
  5410 | D:9      | Noticed a troll
  5451 | D:8      | Reached XP level 9. HP: 26/88 MP: 9/9
  5537 | D:7      | Noticed Menkaure
  5611 | D:6      | Found a staircase to the Ecumenical Temple.
  5967 | D:7      | Noticed a death knight
  5967 | D:7      | Noticed Papr's ghost (novice HOMo)
  5975 | D:7      | Found a runed translucent gate.
  5975 | D:7      | Found a runed translucent gate.
  5977 | D:7      | Found a runed translucent gate.
  5983 | D:7      | Found a bloodstained altar of Trog.
  5993 | D:7      | Killed Menkaure
  6045 | D:7      | Reached skill level 7 in Maces & Flails
  6410 | D:7      | Found a snail-covered altar of Cheibriados.
  6931 | D:8      | Identified the +10 hand axe of Iputapli {pain, Dex+3}
  7040 | D:8      | Found an opulent altar of Gozag.
  7096 | D:8      | Found a white marble altar of Elyvilon.
  7142 | D:8      | Found a burning altar of Makhleb.
  7171 | D:8      | Found a hazy altar of Hepliaklqana.
  7297 | D:8      | Reached ***** piety under Uskayaw
  7298 | D:8      | Reached skill level 8 in Maces & Flails
  7312 | D:8      | Reached ****** piety under Uskayaw
  7474 | D:8      | Found a shimmering altar of Xom.
  7563 | D:8      | Found a staircase to the Lair.
  7850 | D:9      | Killed a troll
  7924 | D:9      | Noticed a boulder beetle
  7926 | D:9      | Noticed a cyclops
  7932 | D:9      | Noticed a gargoyle
  7933 | D:9      | Annihilated by a boulder beetle

Illustrated notes

Levels and vault maps discovered:
D:1:      dpeg_arrival_ratfight, layout_loops_corners
D:2:      layout_loops_ring, serial_forest, infiniplex_forest_clump_cross,
          infiniplex_forest_pool, infiniplex_forest_straight_3,
          infiniplex_forest_end_1, infiniplex_forest_corner_1,
          infiniplex_forest_corner_2, infiniplex_forest_corner_1,
          infiniplex_forest_lined_4_way, infiniplex_forest_join,
          infiniplex_forest_clump_medium, basic_altar,
          shapermc_ecumenical_altar_ellora
D:3:      layout_basic, mainiacjoe_overflow_brackets,
          ebering_ghost_reflecting_pool
D:4:      layout_loops_corners, amcnicky_altar_gilded, nzn_wu_jian_council_hall,
          lemuel_zombie_altar_kikubaaqudgha, hellmonk_ghost_happy_afterlife
D:5:      layout_basic, vehumet_statue
D:6:      layout_gridville, lemuel_tele_altar, temple_hall
D:7:      kennysheep_slugbush, layout_basic, lemuel_crystal_altar, slow_altar_1,
          gammafunk_ghost_split, uniq_menkaure
D:8:      lemuel_ratsnest, layout_gridville, lemuel_crystal_altar,
          nicolae_elyvilon_peaceful_grove, mainiacjoe_overflow_paths,
          mainiacjoe_overflow_two_lobes, lair_entry_dummy
D:9:      minmay_bloctagon_deflated, layout_basic, uniq_prince_ribbit1

Skill      XL: |  1  2  3  4  5  6  7  8  9 |
---------------+----------------------------+-----
Unarmed Combat | 1 2 3 5 6 |  6.1
Fighting       | 1 2 3 4 5 6 |  6.7
Maces & Flails | 3 6 8 |  8.9
Dodging        | |  1.5
Stealth        | |  1.0
Spellcasting   | |  1.2
Conjurations   | |  0.6
Air Magic      | |  2.0

Action                   |  1- 3 |  4- 6 |  7- 9 || total
-------------------------+-------+-------+-------++-------
Melee: Unarmed           |   121 |   123 |   123 ||   367
       Punch             |       |     3 |    11 ||    14
       Whip              |       |       |   265 ||   265
  Use: Scroll            |     6 |     2 |     6 ||    14
       Potion            |       |       |     1 ||     1
 Stab: Sleeping          |     3 |     1 |     7 ||    11
       Paralysed         |       |     1 |    15 ||    16
Armor: Robe              |    33 |    40 |   124 ||   197
Dodge: Dodged            |    69 |    62 |   129 ||   260
